General information
- name: grudge
- type: Custom game
- host: TIMG4STRok
- saver: TIMG4STRok
map: EchoIsles
- players: 2
- length: 15:40
- speed: Fast
- version: 1.23 W3XP
- replay type:

» download(77 KB)
Players
team 1 (winner)

»
TIMG4STRok (
gray | 151 APM | 2364 actions | 15:40)
5 Keeper of the Grove
3 Entangling Roots
2 Thorns Aura
» actions
| Assign group hotkey | 36 | |
| Basic commands | 30 | |
| Build / train | 46 | |
| ESC pressed | 1 | |
| Enter build submenu | 13 | |
| Enter hero's abilities submenu | 5 | |
| Right click | 1285 | |
| Select / deselect | 316 | |
| Select group hotkey | 578 | |
| Use ability | 54 | |
2364 total
» units
» buildings
| Altar of Elders | 1 | |
| Moon Well | 5 | |
| Hunter's Hall | 1 | |
| Ancient of War | 2 | |
| Ancient Protector | 4 | |
13 total
» build order
00:09 Altar of Elders
00:18 Moon Well
01:33 Hunter's Hall
01:53 Ancient of War
02:16 Ancient of War
02:32 Moon Well
02:47 Moon Well
05:40 Moon Well
05:44 Ancient Protector
05:45 Ancient Protector
06:01 Ancient Protector
06:09 Ancient Protector
06:41 Moon Well
team 2 (loser)

»
Mata. (
green | 183 APM | 2871 actions | 15:38)
5 Archmage
3 Summon Water Elemental
2 Brilliance Aura
2 Mountain King
1 Storm Bolt
1 Bash
» actions
| Assign group hotkey | 173 | |
| Basic commands | 20 | |
| Build / train | 65 | |
| Enter build submenu | 19 | |
| Enter hero's abilities submenu | 7 | |
| Remove unit from queue | 2 | |
| Right click | 1472 | |
| Select / deselect | 823 | |
| Select group hotkey | 114 | |
| Use ability | 176 | |
2871 total
» units
| Peasant | 16 | |
| Footman | 6 | |
| Rifleman | 7 | |
| Mortar Team | 5 | |
34 total
» buildings
| Altar of Kings | 2 | |
| Farm | 5 | |
| Barracks | 1 | |
| Scout Tower | 3 | |
| Arcane Tower | 4 | |
| Keep | 1 | |
| Arcane Vault | 2 | |
| Blacksmith | 1 | |
| Workshop | 1 | |
20 total
» build order
00:04 Altar of Kings
00:18 Farm
00:20 Barracks
01:04 Farm
01:07 Farm
01:27 Scout Tower
02:10 Arcane Tower
02:45 Farm
03:36 Keep
04:10 Farm
04:22 Arcane Vault
04:47 Blacksmith
04:48 Scout Tower
06:04 Workshop
06:56 Arcane Tower
08:08 Scout Tower
09:53 Arcane Vault
13:32 Altar of Kings
» items
| Scroll of Regeneration | 3 | |
| Scroll of Town Portal | 1 | |
| Potion of Healing | 5 | |
9 total
Chat log
(00:26 / All) Mata.: looks like our bo99
(00:33 / All) TIMG4STRok: GETTING 1 mo game
(00:36 / All) Mata.: will be finished in sc2
(15:38 / All) Mata.: damn gg, was a sweet game